 Dungeon Crawl Stone Soup version 0.28-a0-268-g3f656e82c2 (webtiles) character file.

Game seed: 3679982144694098594

41488 Malachi the Blocker (level 14, -7/92 HPs)
             Began as an Octopode Fighter on Aug 28, 2021.
             Was an Elder of Elyvilon.
             Mangled by a catoblepas (15 damage)
             ... while petrified by a catoblepas
             ... on level 2 of the Lair of Beasts.
             The game lasted 00:32:07 (18638 turns).

Malachi the Blocker (Octopode Fighter)             Turns: 18638, Time: 00:32:07

Health: -7/92      AC:  5    Str: 21    XL:     14   Next: 15%
Magic:  20/20      EV:  2    Int: 14    God:    Elyvilon [****..]
Gold:   2417       SH:  0    Dex: 13    Spells: 16/19 levels left

rFire   . . .      SeeInvis .   c - +8 flail (protect)
rCold   . . .      Faith    +   b - +1 kite shield
rNeg    + + +      Spirit   .   d - +2 hat
rPois   ∞          Reflect  .   m - amulet of faith
rElec   .          Harm     .   k - +6 ring of strength
rCorr   .          Rampage  .   a - ring of positive energy
Will    +....                   j - +4 ring of evasion
Stlth   +++++.....              w - +4 ring of evasion
HPRegen 0.25/turn               (no ring)
MPRegen 0.17/turn               (no ring)
                                (no ring)
                                (no ring)

@: petrified
A: almost no armour, amphibious, 8 rings, camouflage 1, gelatinous body 1,
(nimble swimmer 1), tentacles, tentacle spike 1, iridescent scales 1, subdued
magic 1
a: Renounce Religion, Lesser Healing, Heal Other, Purification, Greater Healing,
Divine Protection


You were on level 2 of the Lair of Beasts.
You worshipped Elyvilon.
Elyvilon was greatly pleased with you.
You visited 2 branches of the dungeon, and saw 16 of its levels.
You also visited: Sewer and Bailey.

You collected 2549 gold pieces.
You spent 132 gold pieces at shops.

Inventory:

Hand Weapons
 c - a +8 flail of protection (weapon)
 E - a +3 scimitar of flaming
Missiles
 q - 6 silver boomerangs (quivered)
 J - 60 boomerangs
 M - a throwing net
Armour
 b - a +1 kite shield (worn)
 d - a +2 hat (worn)
Jewellery
 a - a ring of positive energy (right tentacle)
 j - a +4 ring of evasion (on tentacle)
 k - a +6 ring of strength (left tentacle)
 m - an amulet of faith (around mantle)
 s - a ring of fire
 w - a +4 ring of evasion (on tentacle)
 N - a ring of ice
Wands
 f - a wand of flame (47)
 g - a wand of digging (14)
 h - a wand of polymorph (17)
 t - a wand of charming (13)
 u - a wand of iceblast (8)
 O - a wand of acid (10)
Scrolls
 e - 8 scrolls of teleportation
 i - 4 scrolls of immolation
 n - 4 scrolls of blinking
 o - 2 scrolls of fog
 r - a scroll of summoning
 v - 3 scrolls of identify
 y - a scroll of amnesia
 B - 3 scrolls of fear
Potions
 l - a potion of cancellation
 p - 3 potions of magic
 x - 2 potions of might
 z - a potion of haste
 A - 3 potions of brilliance
 C - 2 potions of curing
 D - a potion of ambrosia
 G - a potion of mutation
 K - a potion of heal wounds
 L - 4 potions of flight
Miscellaneous
 F - a piece from Xom's chessboard (15/15)
 H - a phial of floods
 I - a lightning rod (4/4)


   Skills:
 + Level 7.5 Fighting
 + Level 2.9 Long Blades
 + Level 10.8 Maces & Flails
 + Level 7.7 Dodging
 * Level 8.2 Stealth
 * Level 13.8 Shields
 * Level 3.3 Spellcasting
 - Level 7.0 Conjurations
 - Level 7.0 Air Magic
 - Level 9.0 Poison Magic
 * Level 9.0 Invocations


You had 16 spell levels left.
You knew the following spells:

 Your Spells              Type           Power      Damage    Failure   Level
a - Mephitic Cloud        Conj/Pois/Air  18%        N/A       2%          3

Your spell library contained the following spells:

 Spells                   Type           Power      Damage    Failure   Level
 Magic Dart               Conj           64%        1d6       1%          1
 Shock                    Conj/Air       64%        1d7       1%          1
 Poisonous Vapours        Pois/Air       38%        N/A       1%          2
 Static Discharge         Conj/Air       16%        N/A       1%          2
 Swiftness                Air            16%        N/A       3%          3
 Spider Form              Tmut/Pois      5%         N/A       9%          3
 Airstrike                Air            8%         N/A       11%         4
 Call Imp                 Summ           1%         N/A       30%         2
 Ensorcelled Hibernation  Hex/Ice        2%         N/A       30%         2
 Ozocubu's Armour         Ice            1%         N/A       52%         3
 Fireball                 Conj/Fire      4%         3d4       80%         5
 Shadow Creatures         Summ           N/A        N/A       100%        6
 Ozocubu's Refrigeration  Ice            0%         4d5       100%        7
 Storm Form               Tmut/Air       4%         N/A       100%        7


Dungeon Overview and Level Annotations

Branches:
Dungeon (14/15)            Temple (0/1) D:4            Lair (2/6) D:10
 Vaults (0/5) D:14          Sewer (visited)          Bailey (visited)
  Swamp: Lair:2-4    Shoals: Lair:2-4     Snake: Lair:2-4    Spider: Lair:2-4
    Orc: D:9-12

Altars:
Elyvilon
Gozag
Hepliaklqana

Shops:
D:6 [[[?:

Portals:
Trove: D:13 (give 6 scrolls of blinking)

Annotations:
Lair:2 exclusion: oklob plant


Innate Abilities, Weirdness & Mutations

You cannot wear most types of armour.
You are amphibious.
You can wear up to eight rings at the same time.
Your skin changes colour to match your surroundings (Stealth+).
Your rubbery body absorbs attacks. (AC +1, EV +1)
((You are camouflaged near water. (Stealth+)))
You have tentacles for arms and can constrict up to eight enemies at once.
One of your tentacles bears a spike.
You are partially covered in iridescent scales. (AC +2)
Your spells are a little easier to cast, but a little less powerful.


Message History

You pierce the catoblepas, but do no damage.
You squeeze the catoblepas.
The catoblepas is lightly wounded.
You are engulfed in calcifying dust.
The catoblepas closely misses you.
You barely miss the catoblepas.
You pierce the catoblepas.
You squeeze the catoblepas.
The catoblepas is moderately wounded.
You are engulfed in calcifying dust.
The catoblepas completely misses you.
The fungus is engulfed in calcifying dust.
A nearby fungus withers and dies.
The catoblepas closely misses you.
You hit the catoblepas.
You pierce the catoblepas, but do no damage.
The catoblepas is moderately wounded.
The catoblepas gores you!!
You hit the catoblepas but do no damage.
You pierce the catoblepas, but do no damage.
You squeeze the catoblepas, but do no damage.
The catoblepas is moderately wounded.
The catoblepas breathes a plume of calcifying dust at you.
The blast of calcifying dust hits you but does no damage.
You hit the catoblepas but do no damage.
You pierce the catoblepas, but do no damage.
You squeeze the catoblepas!
The catoblepas is heavily wounded.
You are engulfed in calcifying dust.
You are slowing down.
The catoblepas gores you!! The catoblepas gores you!
Your limbs are stiffening.
You hit the catoblepas.
The catoblepas is heavily wounded.
The catoblepas gores you!!
* * * LOW HITPOINT WARNING * * *
The catoblepas gores you.
You have turned to stone.
The catoblepas gores you but does no damage.
The catoblepas gores you!
* * * LOW HITPOINT WARNING * * *
The catoblepas breathes a plume of calcifying dust at you.
The blast of calcifying dust hits you but does no damage.
You are engulfed in calcifying dust.
The catoblepas gores you!!
You die...

..........##### #..## ##..#
.........##.#.####.## #..#####
##...##.##..#..#####....... .
##......)................... #..
#.#....).................#.#
P..P##...............#.P###..##.#
#...............§....#### #..####
#......<........§....# #..##
#..######..(....@....## ##...# ..
#.......Y.....# #P..## ...
##..##...#....## ##..## ..#
#....#P#####..# #...# #.#
##...######...######..####
#.######P..###.#.##..............
#......................†.........
#........................#..#....
#..###....(.##P#.#..######P##..P#


You could see a catoblepas.

Vanquished Creatures
  Harold (Lair:2)
  Fannar (Lair:2)
  4 hydras
  A boulder beetle (D:13)
  An ogre mage (D:14)
  8 centaur warriors
  5 two-headed ogres
  A glowing orange brain (D:13)
  4 deep elf pyromancers
  An orc knight (D:14)
  3 ugly things
  2 cyclopes
  A black mamba (Lair:1)
  3 cane toads
  Psyche (D:12)
  4 kobold demonologists
  2 tengu conjurers (D:13)
  An efreet (D:13)
  3 komodo dragons
  4 yaktaurs (D:14)
  A freezing wraith (D:14)
  4 demonic crawlers (D:13)
  3 meliai (D:14)
  7 trolls
  7 slime creatures
  2 wyverns (D:9)
  A vampire (D:8)
  3 wraiths
  24 yaks
  4 vampire mosquitoes (D:13)
  Edmund (D:6)
  3 small abominations (D:13)
  An acid dragon (D:8)
  A floating eye (D:13)
  8 water moccasins
  12 orc warriors
  2 ice beasts
  A sky beast (D:8)
  A black bear (D:6)
  A necrophage (D:6)
  5 wolves (Lair:1)
  3 ogres
  The ghost of hemabe71 the Charlatan, an amateur HuAr (D:3)
  A phantom (D:6)
  8 centaurs
  4 bullfrogs
  12 kobold brigands
  4 scorpions
  23 killer bees
  A wight (D:8)
  7 howler monkeys
  An electric eel (D:8)
  A lava snake (D:7)
  5 centaur zombies
  4 orc priests
  4 hounds
  A jelly (D:6)
  3 gnoll shamans (D:8)
  2 iguanas (D:5)
  A bullfrog skeleton (D:6)
  14 orc wizards
  Natasha (thrice) (D:3)
  2 killer bee zombies (D:8)
  A hound skeleton (D:4)
  5 gnolls
  A howler monkey skeleton (D:5)
  4 adders
  2 river rats (D:3)
  2 white imps
  An adder skeleton (D:5)
  5 worms
  A dart slug (D:5)
  46 orcs
  7 ball pythons
  5 bats
  3 endoplasms
  4 giant cockroaches
  8 goblins
  9 hobgoblins
  7 jackals
  3 quokkas
  44 kobolds
  7 rats
413 creatures vanquished.

Vanquished Creatures (others)
  7 fungi
  15 plants
22 creatures vanquished.

Grand Total: 435 creatures vanquished

Notes
Turn   | Place    | Note
-------+----------+-------------------------------------------
     0 | D:1      | Malachi the Octopode Fighter began the quest for the Orb.
     0 | D:1      | Reached XP level 1. HP: 16/16 MP: 1/1
   336 | D:1      | Reached XP level 2. HP: 21/21 MP: 2/2
   889 | D:1      | Reached XP level 3. HP: 26/26 MP: 3/3
  1004 | D:2      | Reached XP level 4. HP: 33/33 MP: 4/4
  1012 | D:2      | Found a faded altar of an unknown god.
  1019 | D:2      | Became a worshipper of Elyvilon the Healer
  1019 | D:2      | Reached * piety under Elyvilon
  1507 | D:2      | Gained mutation: Your flesh is heat resistant. (rF+)
                  | [potion of mutation]
  1507 | D:2      | Gained mutation: You are clumsy. (Dex -2) [potion of
                  | mutation]
  1507 | D:2      | Gained mutation: One of your tentacles bears a spike.
                  | [potion of mutation]
  1632 | D:2      | Lost mutation: Your flesh is heat resistant. (rF+) [potion
                  | of mutation]
  1632 | D:2      | Lost mutation: You are clumsy. (Dex -2) [potion of
                  | mutation]
  1632 | D:2      | Gained mutation: Your spells are a little easier to cast,
                  | but a little less powerful. [potion of mutation]
  1632 | D:2      | Gained mutation: You are partially covered in iridescent
                  | scales. (AC +2) [potion of mutation]
  1666 | D:3      | Reached ** piety under Elyvilon
  1668 | D:3      | Noticed Natasha
  1676 | D:3      | Killed Natasha
  1745 | D:3      | Reached XP level 5. HP: 37/37 MP: 5/5
  1753 | D:3      | Reached skill level 1 in Stealth
  1882 | D:3      | Reached skill level 1 in Maces & Flails
  1882 | D:3      | Reached skill level 1 in Invocations
  1898 | D:3      | Noticed Natasha
  1919 | D:3      | Killed Natasha
  2026 | D:3      | Reached XP level 6. HP: 31/43 MP: 7/7
  2029 | D:3      | Found a glowing drain.
  2042 | Sewer    | Entered a sewer
  2177 | Sewer    | Noticed a water moccasin
  2185 | Sewer    | Killed a water moccasin
  2438 | D:3      | Found a runed translucent door.
  2458 | D:3      | Noticed hemabe71's ghost (amateur HuAr)
  2475 | D:3      | Killed hemabe71's ghost
  2476 | D:3      | Reached XP level 7. HP: 27/48 MP: 8/8
  2483 | D:3      | Found a runed translucent door.
  2490 | D:3      | Reached *** piety under Elyvilon
  2884 | D:3      | Noticed Natasha
  2894 | D:3      | Killed Natasha
  2999 | D:3      | Identified a scroll of acquirement
  2999 | D:3      | Acquired a manual of Shields
  3111 | D:4      | Found a staircase to the Ecumenical Temple.
  3561 | D:5      | Entered Level 5 of the Dungeon
  3561 | D:5      | Reached **** piety under Elyvilon
  3680 | D:5      | Reached skill level 4 in Shields
  3948 | D:5      | Reached XP level 8. HP: 54/54 MP: 10/10
  4128 | D:6      | Reached ***** piety under Elyvilon
  4140 | D:6      | Noticed Edmund
  4141 | D:6      | Found Muoplir's Antique Armour Shop.
  4157 | D:6      | Killed Edmund
  4355 | D:6      | Reached skill level 5 in Maces & Flails
  4360 | D:6      | Found Cashral's Armour Shoppe.
  4373 | D:6      | Reached skill level 5 in Shields
  4377 | D:6      | Learned a level 3 spell: Mephitic Cloud
  4414 | D:6      | Found Riko Resied's Book Shoppe.
  4449 | D:6      | Found Gang's Magic Scroll Emporium.
  4452 | D:6      | Bought a scroll of blinking for 90 gold pieces
  4452 | D:6      | Bought a scroll of fear for 42 gold pieces
  4772 | D:6      | Reached skill level 1 in Conjurations
  4772 | D:6      | Reached skill level 1 in Poison Magic
  4775 | D:6      | Reached skill level 1 in Air Magic
  4819 | D:6      | Found Umostull's Armour Shoppe.
  5018 | D:6      | Reached skill level 5 in Fighting
  5018 | D:6      | Reached XP level 9. HP: 61/61 MP: 12/12
  5213 | D:7      | Reached skill level 5 in Dodging
  5860 | D:7      | Reached skill level 6 in Shields
  5863 | D:7      | Reached skill level 5 in Stealth
  6424 | D:8      | Reached skill level 5 in Invocations
  6691 | D:8      | Reached skill level 7 in Shields
  6782 | D:8      | Noticed a centaur warrior
  6830 | D:8      | Elyvilon protects you from harm!
  7300 | D:8      | Reached XP level 10. HP: 33/66 MP: 13/13
  7312 | D:8      | Killed a centaur warrior
  7505 | D:8      | Noticed a kobold demonologist
  7510 | D:8      | Killed a kobold demonologist
  7611 | D:8      | Noticed a two-headed ogre
  7640 | D:8      | Reached skill level 8 in Shields
  7908 | D:8      | Killed a two-headed ogre
  8128 | D:8      | Reached skill level 5 in Poison Magic
  8692 | D:9      | Reached XP level 11. HP: 51/72 MP: 15/15
  8699 | D:9      | Reached skill level 9 in Shields
  9073 | D:9      | Found a white marble altar of Elyvilon.
  9515 | D:9      | Noticed a white ugly thing
  9530 | D:9      | Killed a white ugly thing
  9865 | D:10     | Entered Level 10 of the Dungeon
 10032 | D:10     | Reached skill level 10 in Shields
 10032 | D:10     | Reached skill level 5 in Air Magic
 10045 | D:10     | You fall into a shaft and drop 3 floors!
 10045 | D:13     | Noticed a deep elf pyromancer
 10050 | D:13     | Killed a deep elf pyromancer
 10480 | D:12     | Noticed a two-headed ogre
 10528 | D:12     | Reached skill level 5 in Conjurations
 10633 | D:12     | Killed a two-headed ogre
 10826 | D:11     | Noticed a boulder beetle
 10841 | D:11     | Noticed a cyclops
 11293 | D:10     | Found a staircase to the Lair.
 11411 | D:10     | Reached XP level 12. HP: 73/80 MP: 17/17
 12002 | D:11     | You fall into a shaft and drop 1 floor!
 12041 | D:12     | Noticed a two-headed ogre
 12052 | D:12     | Killed a two-headed ogre
 12053 | D:12     | Reached skill level 11 in Shields
 12060 | D:12     | Noticed Psyche
 12064 | D:12     | Killed Psyche
 12838 | D:13     | Noticed a centaur warrior
 12841 | D:13     | Noticed a centaur warrior
 12849 | D:13     | Killed a centaur warrior
 12857 | D:13     | Killed a centaur warrior
 13127 | D:13     | Noticed an eight-headed hydra
 13129 | D:13     | Noticed a centaur warrior
 13143 | D:13     | Killed an eight-headed hydra
 13166 | D:13     | Killed a centaur warrior
 13167 | D:13     | Reached skill level 12 in Shields
 13443 | D:13     | Found a portal to a secret trove of treasure.
 13668 | D:13     | Noticed a centaur warrior
 13671 | D:13     | Noticed a six-headed hydra
 13677 | D:13     | Noticed a boulder beetle
 13680 | D:13     | Paralysed by a floating eye for 2 turns
 13686 | D:13     | Killed a centaur warrior
 13688 | D:13     | Paralysed by a floating eye for 2 turns
 13996 | D:13     | Killed a six-headed hydra
 13997 | D:13     | Reached XP level 13. HP: 55/85 MP: 17/19
 14556 | D:13     | Reached skill level 10 in Maces & Flails
 14643 | D:13     | Reached skill level 1 in Spellcasting
 14726 | D:13     | Got the Collected Works on the Fiery Birds
 14826 | D:14     | Found a flagged portal.
 14853 | Bailey   | Entered a bailey
 15326 | D:14     | Reached skill level 13 in Shields
 15709 | D:14     | Found a hazy altar of Hepliaklqana.
 16180 | D:14     | Found a gate to the Vaults.
 17242 | Lair:1   | Entered Level 1 of the Lair of Beasts
 18070 | Lair:2   | Noticed Harold
 18075 | Lair:2   | Found an opulent altar of Gozag.
 18098 | Lair:2   | Killed Harold
 18099 | Lair:2   | Reached XP level 14. HP: 72/92 MP: 17/20
 18222 | Lair:2   | Noticed Fannar
 18245 | Lair:2   | Killed Fannar
 18638 | Lair:2   | Mangled by a catoblepas

Illustrated notes

Levels and vault maps discovered:
D:1:      dpeg_arrival_rooms_c, layout_basic, moated_statue,
          chequers_serial_rivers_room_b
D:2:      layout_basic, ebering_ecumenical_altar_abandoned, minivault_25,
          minmay_splitting_lines, minmay_pentomino_s4
D:3:      layout_loops_corners, ebering_ghost_sewer_f, portal_sewer_entry_e,
          uniq_natasha
D:4:      layout_cave_pools, minmay_temple_entry_mist
D:5:      layout_cave_pools
D:6:      layout_basic, serial_shops, kennysheep_mini, shop,
          nicolae_shop_temple_entry_statues_fountains, nicolae_take_the_stairs,
          nicolae_lakefront_shop, uniq_edmund
D:7:      layout_basic, kennysheep_generic_room_5
D:8:      nzn_winding_woodlands_medium [nzn_winding_woodlands_5x5_default,
          nzn_winding_woodlands_5x15_river_crossing,
          nzn_winding_woodlands_5x5_checkerboard,
          nzn_winding_woodlands_5x5_closed_star,
          nzn_winding_woodlands_center_garden,
          nzn_winding_woodlands_5x5_open_star, nzn_winding_woodlands_5x5_cross,
          nzn_winding_woodlands_5x15_pathside_ponds,
          nzn_winding_woodlands_5x5_perimeter], layout_loops_cross,
          kennysheep_small_square
D:9:      layout_roguey, mainiacjoe_overflow_alcove_4, minmay_tree_intersection
D:10:     layout_gridville, lair_entry_dummy
D:11:     layout_loops_ring, orc_0_dummy, uniq_nergalle
D:12:     layout_roguey, serial_corexii_hall, chequers_hall_statues_corner_a,
          chequers_hall_statues_y, corexii_hall_statues_i,
          corexii_hall_statues_i, uniq_psyche
D:13:     cheibrodos_hippocracy, layout_basic, enter_trove_6
D:14:     layout_stronghold, hangedman_vaults_entry_quadrant_bands,
          nicolae_hepliaklqana_hazy_memory, enter_bailey_5
Lair:1:   layout_chaotic_city
Lair:2:   layout_small_grid, special_room [special_room_bee],
          lemuel_oklob_altar, uniq_fannar, uniq_harold

Skill      XL: |  1  2  3  4  5  6  7  8  9 10 11 12 13 14 |
---------------+-------------------------------------------+-----
Stealth        | 2 3 4 5 7 8 |  8.2
Fighting       | 4 5 6 7 |  7.5
Maces & Flails | 1 3 4 5 6 7 8 9 10 | 10.8
Invocations    | 1 2 3 4 5 6 7 8 9 |  9.0
Dodging        | 4 5 6 7 |  7.7
Shields        | 4 5 7 8 10 12 13 | 13.8
Conjurations   | 1 3 4 5 6 7 |  7.0
Poison Magic   | 1 3 5 6 8 9 |  9.0
Air Magic      | 1 2 4 5 6 7 |  7.0
Spellcasting   | 2 3 |  3.3
Long Blades    | |  2.9

Action                   |  1- 3 |  4- 6 |  7- 9 | 10-12 | 13-15 || total
-------------------------+-------+-------+-------+-------+-------++-------
Melee: Long sword        |    34 |     1 |       |       |       ||    35
       Constrict         |    11 |    24 |    49 |    47 |    45 ||   176
       Tentacles         |     4 |    17 |    55 |   146 |   107 ||   329
       Flail             |       |    84 |   241 |   556 |   430 ||  1311
       Kick              |       |    24 |    80 |   245 |   175 ||   524
Invok: Greater Healing   |       |       |     4 |    17 |    11 ||    32
       Purification      |       |       |     2 |       |       ||     2
       Heal Other        |       |       |       |     5 |       ||     5
Evoke: Wand              |       |       |       |     2 |       ||     2
  Use: Potion            |     1 |     2 |     8 |     2 |       ||    13
       Scroll            |       |     5 |     9 |    14 |     5 ||    33
 Stab: Sleeping          |       |     7 |    13 |     5 |     9 ||    34
       Distracted        |       |       |       |     1 |       ||     1
Armor: Skin              |     4 |    32 |    83 |   129 |    53 ||   301
Dodge: Dodged            |     9 |    47 |   154 |   460 |   274 ||   944
Block: Kite shield       |     9 |    40 |   123 |   428 |   280 ||   880

Table legend: (Time is in decaauts)
 A = Elapsed time spent in this place.
 B = Non-inter-level travel time spent in this place.
 C = Inter-level travel time spent in this place.
 D = Time resting spent in this place.
 E = Time spent auto-exploring this place.
 F = Levels seen in this place.
 G = Mean time per level.
                   A        B        C        D        E       F      G
               +--------+--------+--------+--------+--------+-----+--------+
         Total |  18777 |  18173 |    604 |   3576 |  10653 |  18 | 1043.2 |
       Dungeon |  16801 |  16233 |    568 |   3412 |   9381 |  14 | 1200.1 |
          Lair |   1382 |   1347 |     35 |    164 |    904 |   2 |  691.0 |
         Sewer |    199 |    199 |      0 |      0 |    129 |   1 |  199.0 |
        Bailey |    395 |    395 |      0 |      0 |    239 |   1 |  395.0 |
               +--------+--------+--------+--------+--------+-----+--------+

Top non-repeatable levels by time:
    D:13: 2294 daAuts
     D:8: 2066 daAuts
    D:14: 1980 daAuts
     D:7: 1524 daAuts
    D:12: 1485 daAuts
     D:3: 1201 daAuts
     D:9: 1170 daAuts
     D:6: 1124 daAuts
    D:10: 1054 daAuts
     D:1: 995 daAuts
  Lair:1: 824 daAuts
     D:2: 700 daAuts
     D:4: 560 daAuts
  Lair:2: 557 daAuts
     D:5: 479 daAuts
